Saguenéens vs Thunder (R2)

Created - May 15, 2019 at 19:07

Goals
1 2 3 OT1 T
Saguenéens 1 2 0 1 4
Thunder 0 2 1 0 3
Shots
1 2 3 OT1 T
Saguenéens 14 13 9 5 41
Thunder 2 8 10 2 22

1st period

1. Saguenéens , Henrik Samuelsson 1 (Seth Jones 3, Jerry D'Amigo 1) at 3:38

Penalties :
No Penalty

2nd period

2. Saguenéens , Nathan MacKinnon 1 (Tobias Rieder 1, Seth Jones 4) at 1:16
3. Thunder , Thomas Spelling 1 (Ryan Nugent-Hopkins 3, Adam Clendening 1) at 2:55
4. Saguenéens , Carl Hagelin 4 (Dalton Prout 1, Kyle Brodziak 2) at 15:05 (PP)
5. Thunder , Ryan Nugent-Hopkins 1 (Joe Labate 1) at 19:25

Penalties :
Rhett Rakhshani (Chi) for Interference (Minor) at 6:06, Mike Sauer (Chi) for Charging (Minor) at 10:09, Devan Dubnyk (TRO) for Slashing (Minor) at 14:49 - David Wolf served the penalty, Duncan Siemens (TRO) for Hooking (Minor) at 16:53

3rd period

6. Thunder , Ryan Nugent-Hopkins 2 (Morgan Rielly 2, Jake Muzzin 1) at 17:04 (PP)

Penalties :
Jake Muzzin (TRO) for Roughing (Double Minor) at 0:42, Seth Jones (Chi) for Hooking (Minor) at 15:30, Nikolay Prokhorkin (TRO) for Roughing (Minor) at 17:26

Overtime #1

7. Saguenéens , Carl Hagelin 5 (Luke Witkowski 3, Kyle Brodziak 3) at 4:58

Penalties :
No Penalty

Goalie Stats

Martin Jones (Chi), 19 saves from 22 shots - (0.864), W, 3-0-0, 64:58 minutes
Devan Dubnyk (TRO), 37 saves from 41 shots - (0.902), OTL, 0-1-2, 64:58 minutes

Players Stats for Saguenéens

Player Name              G  A  P  +/- PIM S  H  SB GA TA FO     MP     PP MP  PK MP  
------------------------------------------------------------------------------------
Adam Erne                0  0  0   0  0   0  0  0  0  0  0/0     0:00   0:00   0:00 
Bobby Sanguinetti        0  0  0  -1  0   0  2  2  1  2  0/0    27:04   3:52   3:51 
Calle Andersson          0  0  0   1  0   0  0  0  0  0  0/0     6:14   0:00   0:00 
Carl Hagelin             2  0  2   1  0   5  1  0  0  0  2/3    21:35   4:11   1:21 
Craig Cunningham         0  0  0   0  0   0  4  0  0  0  0/0    18:44   3:03   0:34 
Dalton Prout             0  1  1  -1  0   0  2  2  0  1  0/0    27:04   3:52   3:51 
Henrik Samuelsson        1  0  1   1  0   7  1  0  0  0  1/2     7:55   0:00   0:00 
Jake McCabe              0  0  0   0  0   0  0  0  0  0  0/0    11:06   1:05   0:00 
Jerry D'Amigo            0  1  1   1  0   3  0  0  1  0  0/0     8:57   1:02   0:00 
Juraj Mikus              0  0  0  -1  0   1  0  0  0  0  4/5    11:46   0:00   0:00 
Kerby Rychel             0  0  0   1  0   0  2  0  0  1  1/1     7:55   0:00   0:00 
Kyle Brodziak            0  2  2   1  0   5  2  2  0  1  20/36  23:32   4:01   3:28 
Luke Witkowski           0  1  1   1  0   6  3  0  4  0  1/5    23:34   4:04   3:27 
Mattias Janmark          0  0  0   0  0   0  0  0  0  0  0/0     1:06   0:44   0:00 
Mike Sauer               0  0  0   1  2   0  1  1  0  1  0/0    19:31   3:16   0:48 
Mikhail Grigorenko       0  0  0   0  0   0  0  0  0  0  0/0     1:35   0:59   0:08 
Myles Bell               0  0  0   0  0   0  0  0  0  0  0/0     1:05   0:00   0:45 
Nathan MacKinnon         1  0  1   0  0   6  1  0  0  0  3/6    18:11   3:10   0:00 
Nick Mattson             0  0  0   0  0   0  0  0  0  0  0/0    10:51   0:00   0:50 
Nick Paul                0  0  0   0  0   0  0  0  0  0  0/0     0:00   0:00   0:00 
Patrick Sieloff          0  0  0   1  0   0  1  1  0  0  0/0     7:31   1:05   0:03 
Rhett Rakhshani          0  0  0  -1  2   3  3  0  1  0  0/1    11:48   0:00   0:00 
Seth Jones               0  2  2   1  2   3  0  1  1  1  0/0    20:33   3:16   1:41 
Teemu Pulkkinen          0  0  0  -1  0   1  0  1  1  0  0/0    12:04   0:18   0:00 
Tobias Rieder            0  1  1   0  0   1  5  1  0  0  0/1    19:34   3:07   1:21 

Players Stats for Thunder

Player Name              G  A  P  +/- PIM S  H  SB GA TA FO     MP     PP MP  PK MP  
------------------------------------------------------------------------------------
Adam Clendening          0  1  1  -1  0   1  0  2  0  0  0/0    22:15   1:44   3:16 
Artur Gavrus             0  0  0   0  0   0  0  0  0  0  0/0     0:00   0:00   0:00 
Austin Wuthrich          0  0  0   1  0   0  1  0  0  0  0/0    13:40   0:00   0:00 
Colby Cave               0  0  0   0  0   0  0  0  0  0  0/1     7:20   0:00   0:00 
David Wolf               0  0  0   0  0   2  2  0  1  0  2/2    24:53   3:34   2:55 
Duncan Siemens           0  0  0   0  2   0  0  0  0  0  0/0    13:12   0:00   0:41 
Gianluca Curcuruto       0  0  0   1  0   0  0  0  0  0  0/0     3:37   0:00   1:04 
Jake Muzzin              0  1  1  -1  4   0  5  1  0  2  0/0    26:00   3:48   2:41 
Jared Staal              0  0  0  -2  0   2  0  1  1  0  0/1    18:19   1:58   0:00 
Jarrod Maidens           0  0  0   0  0   0  0  0  0  0  0/1     3:44   0:00   1:48 
Joe Labate               0  1  1   1  0   2  2  0  0  1  3/6    13:28   0:00   0:00 
Mikko Vainonen           0  0  0   0  0   0  1  1  0  3  0/0    13:10   0:00   1:17 
Morgan Rielly            0  1  1   0  0   1  0  1  1  2  0/0    29:58   3:48   4:13 
Nikolay Prokhorkin       0  0  0  -2  2   1  1  0  0  0  1/1    19:26   1:58   0:53 
Peter Andersson          0  0  0  -1  0   0  0  1  1  1  0/0    22:21   1:44   3:14 
Ryan Nugent-Hopkins      2  1  3   1  0   7  2  3  2  0  12/28  28:46   3:34   4:00 
Thomas Spelling          1  0  1   0  0   3  3  0  0  0  0/1    19:24   3:34   1:29 
Trevor Lewis             0  0  0  -2  0   3  0  1  1  0  9/18   25:16   1:58   3:54 
Vincent Dunn             0  0  0   0  0   0  0  0  0  0  0/0     3:47   0:00   0:00 
Zach Stepan              0  0  0   0  0   0  1  0  0  0  1/1     7:58   0:00   1:27 

3 Stars

1 - Ryan Nugent-Hopkins (TRO)
2 - Carl Hagelin (Chi)
3 - Kyle Brodziak (Chi)

Power Play

Saguenéens - 1 on 5 Attempt(s) - 20.00%
Thunder - 1 on 3 Attempt(s) - 33.33%

Penalty Kill

Saguenéens - 2 on 3 Attempt(s) - 66.67% - Score 0 goal in Penalty Kill
Thunder - 4 on 5 Attempt(s) - 80.00% - Score 0 goal in Penalty Kill

Team Stat

Saguenéens - Hits : 28 - Faceoff Wins : 32 - Blocked Shots : 11 - Penalty Minutes : 6
Thunder - Hits : 18 - Faceoff Wins : 28 - Blocked Shots : 11 - Penalty Minutes : 10

Official

Referees : Unknown
Linesman : Unknown

Game Notes

Zach Stepan is injured at 12:45 of 3rd period (Broken Bone (Left Foot))

Finance

Level 1 -- Attendance: 1784 (89.20%) -- Ticket Income $71,360
Level 2 -- Attendance: 811 (81.10%) -- Ticket Income $16,220
Total Attendance: 2595 (86.50%)
Total Ticket Income: $87,580
Other Income: $4,379
Total Income: $91,959

Saguenéens

5 vs 5 Forward 
   Center                   Left Wing                Right Wing               Time % Phy DF OF 
 1 Kyle Brodziak            Carl Hagelin             Luke Witkowski           40     1   2  2  
 2 Nathan MacKinnon         Craig Cunningham         Tobias Rieder            30     1   2  2  
 3 Juraj Mikus              Teemu Pulkkinen          Rhett Rakhshani          20     1   2  2  
 4 Henrik Samuelsson        Kerby Rychel             Jerry D'Amigo            10     1   2  2  

5 vs 5 Defense 
   Defense                  Defense                                           Time % Phy DF OF 
 1 Dalton Prout             Bobby Sanguinetti                                 40     1   2  2  
 2 Seth Jones               Mike Sauer                                        30     1   2  2  
 3 Jake McCabe              Nick Mattson                                      20     1   2  2  
 4 Patrick Sieloff          Calle Andersson                                   10     1   2  2  

PowerPlay Forward 
   Center                   Left Wing                Right Wing               Time % Phy DF OF 
 1 Kyle Brodziak            Carl Hagelin             Luke Witkowski           60     1   2  2  
 2 Nathan MacKinnon         Craig Cunningham         Tobias Rieder            40     1   2  2  

PowerPlay Defense
   Defense                  Defense                                           Time % Phy DF OF 
 1 Dalton Prout             Bobby Sanguinetti                                 60     1   2  2  
 2 Seth Jones               Mike Sauer                                        40     1   2  2  

Penalty Kill 4 Players Forward 
   Center                   Wing                     Time % Phy DF OF 
 1 Kyle Brodziak            Luke Witkowski           60     1   2  2  
 2 Tobias Rieder            Carl Hagelin             40     1   2  2  

Penalty Kill 4 Players Defense
   Defense                  Defense                  Time % Phy DF OF 
 1 Dalton Prout             Bobby Sanguinetti        60     1   2  2  
 2 Seth Jones               Mike Sauer               40     1   2  2  

Penalty Kill - 3 Players Forward 
   Forward                                           Time % Phy DF OF 
 1 Kyle Brodziak                                     60     1   2  2  
 2 Luke Witkowski                                    40     1   2  2  

Penalty Kill - 3 Players Defense
   Defense                  Defense                  Time % Phy DF OF 
 1 Dalton Prout             Bobby Sanguinetti        60     1   2  2  
 2 Seth Jones               Mike Sauer               40     1   2  2  

4 vs 4 Forward 
   Center                   Wing                     Time % Phy DF OF 
 1 Kyle Brodziak            Luke Witkowski           60     1   2  2  
 2 Tobias Rieder            Carl Hagelin             40     1   2  2  

4 vs 4 Defense
   Defense                  Defense                  Time % Phy DF OF 
 1 Dalton Prout             Bobby Sanguinetti        60     1   2  2  
 2 Seth Jones               Mike Sauer               40     1   2  2  

Last Minutes Offensive
   Center                   Left Wing                Right Wing               Defense                  Defense                  
   Kyle Brodziak            Carl Hagelin             Luke Witkowski           Dalton Prout             Bobby Sanguinetti        

Last Minutes Defensive
   Center                   Left Wing                Right Wing               Defense                  Defense                  
   Kyle Brodziak            Carl Hagelin             Luke Witkowski           Dalton Prout             Bobby Sanguinetti        

Goaltenders
Starting : Martin Jones             
Backup : Joe Cannata              

Extra Forwards
Normal : Mattias Janmark, Mikhail Grigorenko, Myles Bell - PP : Mattias Janmark, Mikhail Grigorenko - PK : Myles Bell
Extra Defensemen
Normal : Jake McCabe, Nick Mattson, Patrick Sieloff - PP : Jake McCabe - PK : Nick Mattson, Patrick Sieloff
Penalty Shots
Kyle Brodziak, Luke Witkowski, Tobias Rieder, Carl Hagelin, Nathan MacKinnon

Scratches
Tanner Richard (Strained Left Knee Injury), Dylan Labbe (Healthy), Michael Giugovaz (Healthy)

Thunder

5 vs 5 Forward 
   Center                   Left Wing                Right Wing               Time % Phy DF OF 
 1 Ryan Nugent-Hopkins      David Wolf               Thomas Spelling          40     1   2  2  
 2 Trevor Lewis             Nikolay Prokhorkin       Jared Staal              30     1   2  2  
 3 Joe Labate               Ryan Nugent-Hopkins      Austin Wuthrich          20     1   2  2  
 4 Zach Stepan              Trevor Lewis             David Wolf               10     1   2  2  

5 vs 5 Defense 
   Defense                  Defense                                           Time % Phy DF OF 
 1 Morgan Rielly            Jake Muzzin                                       40     1   2  2  
 2 Peter Andersson          Adam Clendening                                   30     1   2  2  
 3 Duncan Siemens           Mikko Vainonen                                    20     1   2  2  
 4 Gianluca Curcuruto       Morgan Rielly                                     10     1   2  2  

PowerPlay Forward 
   Center                   Left Wing                Right Wing               Time % Phy DF OF 
 1 Ryan Nugent-Hopkins      David Wolf               Thomas Spelling          60     1   2  2  
 2 Trevor Lewis             Nikolay Prokhorkin       Jared Staal              40     1   2  2  

PowerPlay Defense
   Defense                  Defense                                           Time % Phy DF OF 
 1 Morgan Rielly            Jake Muzzin                                       60     1   2  2  
 2 Peter Andersson          Adam Clendening                                   40     1   2  2  

Penalty Kill 4 Players Forward 
   Center                   Wing                     Time % Phy DF OF 
 1 Ryan Nugent-Hopkins      Trevor Lewis             60     1   2  2  
 2 David Wolf               Thomas Spelling          40     1   2  2  

Penalty Kill 4 Players Defense
   Defense                  Defense                  Time % Phy DF OF 
 1 Morgan Rielly            Jake Muzzin              60     1   2  2  
 2 Peter Andersson          Adam Clendening          40     1   2  2  

Penalty Kill - 3 Players Forward 
   Forward                                           Time % Phy DF OF 
 1 Ryan Nugent-Hopkins                               60     1   2  2  
 2 Trevor Lewis                                      40     1   2  2  

Penalty Kill - 3 Players Defense
   Defense                  Defense                  Time % Phy DF OF 
 1 Morgan Rielly            Jake Muzzin              60     1   2  2  
 2 Peter Andersson          Adam Clendening          40     1   2  2  

4 vs 4 Forward 
   Center                   Wing                     Time % Phy DF OF 
 1 Ryan Nugent-Hopkins      Trevor Lewis             60     1   2  2  
 2 David Wolf               Thomas Spelling          40     1   2  2  

4 vs 4 Defense
   Defense                  Defense                  Time % Phy DF OF 
 1 Morgan Rielly            Jake Muzzin              60     1   2  2  
 2 Peter Andersson          Adam Clendening          40     1   2  2  

Last Minutes Offensive
   Center                   Left Wing                Right Wing               Defense                  Defense                  
   Ryan Nugent-Hopkins      David Wolf               Thomas Spelling          Morgan Rielly            Jake Muzzin              

Last Minutes Defensive
   Center                   Left Wing                Right Wing               Defense                  Defense                  
   Ryan Nugent-Hopkins      David Wolf               Thomas Spelling          Morgan Rielly            Jake Muzzin              

Goaltenders
Starting : Devan Dubnyk             
Backup : Niklas Treutle           

Extra Forwards
Normal : Colby Cave, Vincent Dunn, Jarrod Maidens - PP : Colby Cave, Vincent Dunn - PK : Jarrod Maidens
Extra Defensemen
Normal : Duncan Siemens, Mikko Vainonen, Gianluca Curcuruto - PP : Duncan Siemens - PK : Mikko Vainonen, Gianluca Curcuruto
Penalty Shots
Ryan Nugent-Hopkins, Trevor Lewis, David Wolf, Thomas Spelling, Jared Staal

Scratches
Dany Roussin (Healthy), Benn Ferriero (Suspend), Jamie McGinn (Strained Right Elbow Injury)

% Time on Ice - Saguenéens

Lines # - Real PCT - Wanted PCT - Time Play
Normal Forward
1 - 32% - 40% - 16:31
2 - 29% - 30% - 15:01
3 - 23% - 20% - 11:46
4 - 15% - 10% - 7:55
Normal Defense
1 - 38% - 40% - 19:21
2 - 30% - 30% - 15:37
3 - 20% - 20% - 10:01
4 - 12% - 10% - 6:14
PP Forward
1 - 61% - 60% - 5:03
2 - 39% - 40% - 3:10
PP Defense
1 - 60% - 60% - 4:57
2 - 40% - 40% - 3:16
PK Forward
1 - 76% - 60% - 4:11
2 - 24% - 40% - 1:21
PK Defense
1 - 70% - 60% - 3:51
2 - 30% - 40% - 1:41
PK3 Forward
1 - 0% - 60%
2 - 0% - 40%
PK3 Defense
1 - 0% - 60%
2 - 0% - 40%
44 Forward
1 - 0% - 60%
2 - 0% - 40%
44 Defense
1 - 0% - 60%
2 - 0% - 40%
Last Minute Offensive  - 0:00
Last Minute Defensive  - 0:00
Total
Forward - 64:58
Defense - 64:58

% Time on Ice - Thunder

Lines # - Real PCT - Wanted PCT - Time Play
Normal Forward
1 - 30% - 40% - 15:09
2 - 32% - 30% - 16:21
3 - 26% - 20% - 13:28
4 - 12% - 10% - 6:15
Normal Defense
1 - 38% - 40% - 19:32
2 - 34% - 30% - 17:15
3 - 23% - 20% - 11:53
4 - 5% - 10% - 2:33
PP Forward
1 - 64% - 60% - 3:34
2 - 36% - 40% - 1:58
PP Defense
1 - 69% - 60% - 3:48
2 - 31% - 40% - 1:44
PK Forward
1 - 82% - 60% - 6:44
2 - 18% - 40% - 1:29
PK Defense
1 - 68% - 60% - 5:34
2 - 32% - 40% - 2:39
PK3 Forward
1 - 0% - 60%
2 - 0% - 40%
PK3 Defense
1 - 0% - 60%
2 - 0% - 40%
44 Forward
1 - 0% - 60%
2 - 0% - 40%
44 Defense
1 - 0% - 60%
2 - 0% - 40%
Last Minute Offensive  - 0:00
Last Minute Defensive  - 0:00
Total
Forward - 64:58
Defense - 64:58

Play-by-Play

1st period


0:01 of 1st period - Kyle Brodziak wins face-off versus Thomas Spelling in neutral zone.
0:06 of 1st period - Wrist shot by Kyle Brodziak.
0:06 of 1st period - Stopped by Devan Dubnyk with a rebound.
0:27 of 1st period - Trevor Lewis is hit by Tobias Rieder and loses puck.
0:56 of 1st period - Snap shot by Juraj Mikus.
0:56 of 1st period - Shot Misses the Net.
3:36 of 1st period - Slapshot by Seth Jones.
3:36 of 1st period - Deflect By Ryan Nugent-Hopkins.
3:36 of 1st period - Stopped by Devan Dubnyk with a rebound.
3:38 of 1st period - Wrist shot by Henrik Samuelsson.
3:38 of 1st period - Deflect By Ryan Nugent-Hopkins.
3:38 of 1st period - Goal by Henrik Samuelsson - Saguenéens : 1 - Thunder : 0.
3:39 of 1st period - Ryan Nugent-Hopkins wins face-off versus Kyle Brodziak in neutral zone.
3:44 of 1st period - Slapshot by Ryan Nugent-Hopkins.
3:44 of 1st period - Shot Misses the Net.
4:10 of 1st period - Jake Muzzin is hit by Tobias Rieder and loses puck.
4:27 of 1st period - Snap shot by Teemu Pulkkinen.
4:27 of 1st period - Stopped by Devan Dubnyk without a rebound.
4:28 of 1st period - Juraj Mikus wins face-off versus Joe Labate in Thunder zone.
4:29 of 1st period - Snap shot by Rhett Rakhshani.
4:29 of 1st period - Stopped by Devan Dubnyk with a rebound.
4:43 of 1st period - Wrist shot by Ryan Nugent-Hopkins.
4:43 of 1st period - Stopped by Martin Jones with a rebound.
5:02 of 1st period - Slapshot by Luke Witkowski.
5:02 of 1st period - Stopped by Devan Dubnyk without a rebound.
5:03 of 1st period - Ryan Nugent-Hopkins wins face-off versus Nathan MacKinnon in Thunder zone.
6:07 of 1st period - Teemu Pulkkinen is hit by Ryan Nugent-Hopkins and loses puck.
6:23 of 1st period - Slapshot by Ryan Nugent-Hopkins.
6:23 of 1st period - Shot Blocked by Seth Jones.
6:25 of 1st period - Snap shot by Ryan Nugent-Hopkins.
6:25 of 1st period - Shot Misses the Net.
6:27 of 1st period - Slapshot by Ryan Nugent-Hopkins.
6:27 of 1st period - Shot Misses the Net.
6:29 of 1st period - Slapshot by Ryan Nugent-Hopkins.
6:29 of 1st period - Shot Misses the Net.
6:31 of 1st period - Wrist shot by Joe Labate.
6:31 of 1st period - Shot Misses the Net.
6:37 of 1st period - Wrist shot by Joe Labate.
6:37 of 1st period - Stopped by Martin Jones with a rebound.
6:55 of 1st period - Slapshot by Seth Jones.
6:55 of 1st period - Shot Misses the Net.
7:01 of 1st period - Seth Jones is hit by Ryan Nugent-Hopkins.
7:11 of 1st period - Snap shot by Rhett Rakhshani.
7:11 of 1st period - Stopped by Devan Dubnyk without a rebound.
7:12 of 1st period - Trevor Lewis wins face-off versus Kyle Brodziak in Thunder zone.
7:12 of 1st period - Trevor Lewis is hit by Luke Witkowski.
7:38 of 1st period - Duncan Siemens is hit by Craig Cunningham and loses puck.
8:59 of 1st period - Morgan Rielly is hit by Craig Cunningham and loses puck.
13:31 of 1st period - Slapshot by Henrik Samuelsson.
13:31 of 1st period - Stopped by Devan Dubnyk with a rebound.
13:34 of 1st period - Icing by Morgan Rielly.
13:35 of 1st period - Joe Labate wins face-off versus Kyle Brodziak in Thunder zone.
14:15 of 1st period - Snap shot by Nathan MacKinnon.
14:15 of 1st period - Stopped by Devan Dubnyk with a rebound.
14:25 of 1st period - Wrist shot by Henrik Samuelsson.
14:25 of 1st period - Stopped by Devan Dubnyk with a rebound.
14:47 of 1st period - Teemu Pulkkinen is hit by Joe Labate and loses puck.
15:14 of 1st period - Vincent Dunn is hit by Tobias Rieder and loses puck.
15:46 of 1st period - Ryan Nugent-Hopkins is hit by Kerby Rychel and loses puck.
15:59 of 1st period - Wrist shot by Juraj Mikus.
15:59 of 1st period - Stopped by Devan Dubnyk with a rebound.
16:09 of 1st period - Wrist shot by Teemu Pulkkinen.
16:09 of 1st period - Shot Misses the Net.
17:01 of 1st period - Wrist shot by Carl Hagelin.
17:01 of 1st period - Shot Misses the Net.
17:03 of 1st period - Wrist shot by Carl Hagelin.
17:03 of 1st period - Deflect By Luke Witkowski.
17:03 of 1st period - Shot Blocked by Adam Clendening.
17:03 of 1st period - Puck is out of play.
17:04 of 1st period - Carl Hagelin wins face-off versus Trevor Lewis in Thunder zone.
17:05 of 1st period - Wrist shot by Luke Witkowski.
17:05 of 1st period - Shot Blocked by Jared Staal.
18:04 of 1st period - Snap shot by David Wolf.
18:04 of 1st period - Shot Blocked by Teemu Pulkkinen.
18:30 of 1st period - Snap shot by Luke Witkowski.
18:30 of 1st period - Stopped by Devan Dubnyk with a rebound.
18:32 of 1st period - Slapshot by Luke Witkowski.
18:32 of 1st period - Shot Blocked by Ryan Nugent-Hopkins.
18:55 of 1st period - Nathan MacKinnon is hit by Thomas Spelling and loses puck.
19:02 of 1st period - Snap shot by Nathan MacKinnon.
19:02 of 1st period - Stopped by Devan Dubnyk without a rebound.
19:03 of 1st period - Kyle Brodziak wins face-off versus Trevor Lewis in Thunder zone.
19:08 of 1st period - Snap shot by Carl Hagelin.
19:08 of 1st period - Stopped by Devan Dubnyk with a rebound.
19:34 of 1st period - Wrist shot by Joe Labate.
19:34 of 1st period - Shot Blocked by Mike Sauer.
Goals for this period are 1 for Saguenéens vs 0 for Thunder.
Shots for this period are 14 for Saguenéens vs 2 for Thunder.

2nd period


0:01 of 2nd period - Kyle Brodziak wins face-off versus Ryan Nugent-Hopkins in neutral zone.
0:30 of 2nd period - Wrist shot by Trevor Lewis.
0:30 of 2nd period - Stopped by Martin Jones without a rebound.
0:31 of 2nd period - Nathan MacKinnon wins face-off versus Trevor Lewis in Saguenéens zone.
0:41 of 2nd period - Snap shot by Tobias Rieder.
0:41 of 2nd period - Stopped by Devan Dubnyk without a rebound.
0:42 of 2nd period - Ryan Nugent-Hopkins wins face-off versus Kyle Brodziak in Thunder zone.
1:07 of 2nd period - Nikolay Prokhorkin is hit by Craig Cunningham and loses puck.
1:14 of 2nd period - Wrist shot by Tobias Rieder.
1:14 of 2nd period - Shot Misses the Net.
1:16 of 2nd period - Slapshot by Nathan MacKinnon.
1:16 of 2nd period - Goal by Nathan MacKinnon - Saguenéens : 2 - Thunder : 0.
1:17 of 2nd period - Ryan Nugent-Hopkins wins face-off versus Kyle Brodziak in neutral zone.
1:53 of 2nd period - Wrist shot by Craig Cunningham.
1:53 of 2nd period - Deflect By Nathan MacKinnon.
1:53 of 2nd period - Shot Misses the Net.
1:53 of 2nd period - Puck is out of play.
1:54 of 2nd period - Ryan Nugent-Hopkins wins face-off versus Luke Witkowski in Thunder zone.
1:54 of 2nd period - Ryan Nugent-Hopkins is hit by Luke Witkowski.
2:24 of 2nd period - Snap shot by Jared Staal.
2:24 of 2nd period - Stopped by Martin Jones without a rebound.
2:25 of 2nd period - Trevor Lewis wins face-off versus Tobias Rieder in Saguenéens zone.
2:55 of 2nd period - Wrist shot by Thomas Spelling.
2:55 of 2nd period - Goal by Thomas Spelling - Saguenéens : 2 - Thunder : 1.
2:56 of 2nd period - Kyle Brodziak wins face-off versus Ryan Nugent-Hopkins in neutral zone.
3:22 of 2nd period - Trevor Lewis is hit by Bobby Sanguinetti and loses puck.
3:45 of 2nd period - Rhett Rakhshani is hit by Austin Wuthrich and loses puck.
4:30 of 2nd period - Peter Andersson is hit by Craig Cunningham and loses puck.
4:57 of 2nd period - Off-side.
4:58 of 2nd period - Juraj Mikus wins face-off versus Colby Cave in neutral zone.
5:09 of 2nd period - Snap shot by Thomas Spelling.
5:09 of 2nd period - Deflect By Bobby Sanguinetti.
5:09 of 2nd period - Shot Misses the Net.
5:09 of 2nd period - Puck is out of play.
5:10 of 2nd period - Trevor Lewis wins face-off versus Kyle Brodziak in Saguenéens zone.
5:11 of 2nd period - Wrist shot by Jared Staal.
5:11 of 2nd period - Shot Blocked by Kyle Brodziak.
5:23 of 2nd period - Wrist shot by Carl Hagelin.
5:23 of 2nd period - Stopped by Devan Dubnyk with a rebound.
5:25 of 2nd period - Snap shot by Luke Witkowski.
5:25 of 2nd period - Shot Misses the Net.
6:06 of 2nd period - Minor Penalty to Rhett Rakhshani for Interference.
6:07 of 2nd period - Kyle Brodziak wins face-off versus Ryan Nugent-Hopkins in Saguenéens zone.
6:07 of 2nd period - Kyle Brodziak is hit by Jake Muzzin.
6:31 of 2nd period - Wrist shot by Trevor Lewis.
6:31 of 2nd period - Stopped by Martin Jones with a rebound.
6:33 of 2nd period - Wrist shot by Adam Clendening.
6:33 of 2nd period - Shot Misses the Net.
6:35 of 2nd period - Snap shot by Adam Clendening.
6:35 of 2nd period - Shot Misses the Net.
6:51 of 2nd period - Jared Staal is hit by Tobias Rieder and loses puck.
7:08 of 2nd period - Snap shot by Jared Staal.
7:08 of 2nd period - Shot Blocked by Kyle Brodziak.
7:10 of 2nd period - Snap shot by Nikolay Prokhorkin.
7:10 of 2nd period - Shot Misses the Net.
7:12 of 2nd period - Snap shot by Jared Staal.
7:12 of 2nd period - Deflect By Trevor Lewis.
7:12 of 2nd period - Shot Misses the Net.
7:12 of 2nd period - Puck is out of play.
7:13 of 2nd period - Ryan Nugent-Hopkins wins face-off versus Kyle Brodziak in Saguenéens zone.
7:14 of 2nd period - Wrist shot by Thomas Spelling.
7:14 of 2nd period - Shot Misses the Net.
7:42 of 2nd period - Thomas Spelling is hit by Kyle Brodziak.
8:06 of 2nd period - Penalty to Rhett Rakhshani is over, Rhett Rakhshani is back on ice.
8:30 of 2nd period - Wrist shot by Juraj Mikus.
8:30 of 2nd period - Shot Misses the Net.
8:32 of 2nd period - Snap shot by Teemu Pulkkinen.
8:32 of 2nd period - Shot Misses the Net.
8:42 of 2nd period - David Wolf is hit by Patrick Sieloff and loses puck.
8:49 of 2nd period - Slapshot by Nathan MacKinnon.
8:49 of 2nd period - Stopped by Devan Dubnyk with a rebound.
8:51 of 2nd period - Backhand shot by Nathan MacKinnon.
8:51 of 2nd period - Shot Blocked by Peter Andersson.
9:07 of 2nd period - Wrist shot by Henrik Samuelsson.
9:07 of 2nd period - Shot Misses the Net.
9:09 of 2nd period - Slapshot by Dalton Prout.
9:09 of 2nd period - Deflect By Henrik Samuelsson.
9:09 of 2nd period - Stopped by Devan Dubnyk without a rebound.
9:10 of 2nd period - Trevor Lewis wins face-off versus Kyle Brodziak in Thunder zone.
10:09 of 2nd period - Minor Penalty to Mike Sauer for Charging.
10:10 of 2nd period - Ryan Nugent-Hopkins wins face-off versus Luke Witkowski in Saguenéens zone.
10:13 of 2nd period - Snap shot by Ryan Nugent-Hopkins.
10:13 of 2nd period - Deflect By Thomas Spelling.
10:13 of 2nd period - Shot Misses the Net.
10:13 of 2nd period - Puck is out of play.
10:14 of 2nd period - Kyle Brodziak wins face-off versus Ryan Nugent-Hopkins in Saguenéens zone.
10:23 of 2nd period - Luke Witkowski is hit by Jake Muzzin.
10:32 of 2nd period - Dalton Prout is hit by David Wolf and loses puck.
10:49 of 2nd period - Slapshot by Morgan Rielly.
10:49 of 2nd period - Shot Misses the Net.
10:51 of 2nd period - Wrist shot by Jared Staal.
10:51 of 2nd period - Shot Misses the Net.
10:53 of 2nd period - Slapshot by Trevor Lewis.
10:53 of 2nd period - Shot Misses the Net.
11:29 of 2nd period - Adam Clendening is hit by Bobby Sanguinetti and loses puck.
12:09 of 2nd period - Penalty to Mike Sauer is over, Mike Sauer is back on ice.
12:25 of 2nd period - Snap shot by Jerry D'Amigo.
12:25 of 2nd period - Stopped by Devan Dubnyk with a rebound.
13:24 of 2nd period - Nathan MacKinnon is hit by Zach Stepan and loses puck.
13:36 of 2nd period - Icing by Morgan Rielly.
13:37 of 2nd period - Henrik Samuelsson wins face-off versus Jarrod Maidens in Thunder zone.
13:38 of 2nd period - Wrist shot by Jerry D'Amigo.
13:38 of 2nd period - Stopped by Devan Dubnyk without a rebound.
13:39 of 2nd period - Ryan Nugent-Hopkins wins face-off versus Kyle Brodziak in Thunder zone.
13:39 of 2nd period - Ryan Nugent-Hopkins is hit by Kyle Brodziak.
14:18 of 2nd period - Snap shot by Thomas Spelling.
14:18 of 2nd period - Stopped by Martin Jones without a rebound.
14:19 of 2nd period - Trevor Lewis wins face-off versus Kyle Brodziak in Saguenéens zone.
14:20 of 2nd period - Wrist shot by Jared Staal.
14:20 of 2nd period - Stopped by Martin Jones without a rebound.
14:21 of 2nd period - Kyle Brodziak wins face-off versus Trevor Lewis in Saguenéens zone.
14:36 of 2nd period - Peter Andersson is hit by Luke Witkowski and loses puck.
14:49 of 2nd period - Slapshot by Seth Jones.
14:49 of 2nd period - Deflect By Peter Andersson.
14:49 of 2nd period - Stopped by Devan Dubnyk without a rebound.
14:49 of 2nd period - Minor Penalty to Devan Dubnyk for Slashing.
14:50 of 2nd period - Luke Witkowski wins face-off versus Ryan Nugent-Hopkins in Thunder zone.
14:55 of 2nd period - Wrist shot by Luke Witkowski.
14:55 of 2nd period - Stopped by Devan Dubnyk with a rebound.
14:57 of 2nd period - Snap shot by Luke Witkowski.
14:57 of 2nd period - Stopped by Devan Dubnyk with a rebound.
14:59 of 2nd period - Snap shot by Kyle Brodziak.
14:59 of 2nd period - Stopped by Devan Dubnyk with a rebound.
15:01 of 2nd period - Slapshot by Dalton Prout.
15:01 of 2nd period - Shot Misses the Net.
15:03 of 2nd period - Snap shot by Carl Hagelin.
15:03 of 2nd period - Shot Misses the Net.
15:05 of 2nd period - Snap shot by Carl Hagelin.
15:05 of 2nd period - Goal by Carl Hagelin - Saguenéens : 3 - Thunder : 1.
15:06 of 2nd period - Ryan Nugent-Hopkins wins face-off versus Kyle Brodziak in neutral zone.
15:08 of 2nd period - Off-side.
15:09 of 2nd period - Kyle Brodziak wins face-off versus Ryan Nugent-Hopkins in neutral zone.
15:24 of 2nd period - Slapshot by Ryan Nugent-Hopkins.
15:24 of 2nd period - Shot Misses the Net.
15:42 of 2nd period - Wrist shot by Nathan MacKinnon.
15:42 of 2nd period - Shot Misses the Net.
16:35 of 2nd period - Peter Andersson is hit by Carl Hagelin.
16:39 of 2nd period - Kyle Brodziak is hit by Nikolay Prokhorkin.
16:50 of 2nd period - Bobby Sanguinetti is hit by Mikko Vainonen and loses puck.
16:53 of 2nd period - Minor Penalty to Duncan Siemens for Hooking.
16:54 of 2nd period - Kyle Brodziak wins face-off versus Ryan Nugent-Hopkins in Thunder zone.
18:20 of 2nd period - Dalton Prout is hit by Jake Muzzin and loses puck.
18:25 of 2nd period - Snap shot by David Wolf.
18:25 of 2nd period - Shot Misses the Net.
18:27 of 2nd period - Wrist shot by Thomas Spelling.
18:27 of 2nd period - Shot Misses the Net.
18:53 of 2nd period - Penalty to Duncan Siemens is over, Duncan Siemens is back on ice.
19:03 of 2nd period - Snap shot by Henrik Samuelsson.
19:03 of 2nd period - Shot Misses the Net.
19:09 of 2nd period - Slapshot by Henrik Samuelsson.
19:09 of 2nd period - Stopped by Devan Dubnyk with a rebound.
19:23 of 2nd period - Slapshot by David Wolf.
19:23 of 2nd period - Stopped by Martin Jones without a rebound.
19:24 of 2nd period - Joe Labate wins face-off versus Rhett Rakhshani in Saguenéens zone.
19:25 of 2nd period - Slapshot by Ryan Nugent-Hopkins.
19:25 of 2nd period - Goal by Ryan Nugent-Hopkins - Saguenéens : 3 - Thunder : 2.
19:26 of 2nd period - Carl Hagelin wins face-off versus Trevor Lewis in neutral zone.
Goals for this period are 2 for Saguenéens vs 2 for Thunder.
Shots for this period are 13 for Saguenéens vs 8 for Thunder.

3rd period


0:01 of 3rd period - Kyle Brodziak wins face-off versus Ryan Nugent-Hopkins in neutral zone.
0:14 of 3rd period - Carl Hagelin is hit by Thomas Spelling and loses puck.
0:27 of 3rd period - Jared Staal is hit by Dalton Prout and loses puck.
0:42 of 3rd period - Double Minor Penalty to Jake Muzzin for Roughing.
0:43 of 3rd period - Kyle Brodziak wins face-off versus Ryan Nugent-Hopkins in Thunder zone.
0:46 of 3rd period - Snap shot by Kyle Brodziak.
0:46 of 3rd period - Shot Blocked by Ryan Nugent-Hopkins.
1:16 of 3rd period - Slapshot by Seth Jones.
1:16 of 3rd period - Stopped by Devan Dubnyk with a rebound.
1:18 of 3rd period - Slapshot by Mike Sauer.
1:18 of 3rd period - Shot Misses the Net.
1:20 of 3rd period - Slapshot by Craig Cunningham.
1:20 of 3rd period - Shot Hit the Post.
4:42 of 3rd period - Penalty to Jake Muzzin is over, Jake Muzzin is back on ice.
4:47 of 3rd period - Snap shot by Nikolay Prokhorkin.
4:47 of 3rd period - Shot Misses the Net.
4:49 of 3rd period - Wrist shot by Nikolay Prokhorkin.
4:49 of 3rd period - Stopped by Martin Jones without a rebound.
4:50 of 3rd period - Juraj Mikus wins face-off versus Joe Labate in Saguenéens zone.
4:50 of 3rd period - Juraj Mikus is hit by Jake Muzzin.
4:56 of 3rd period - Backhand shot by Teemu Pulkkinen.
4:56 of 3rd period - Shot Blocked by Jake Muzzin.
4:58 of 3rd period - Snap shot by Teemu Pulkkinen.
4:58 of 3rd period - Shot Misses the Net.
5:21 of 3rd period - Snap shot by Henrik Samuelsson.
5:21 of 3rd period - Shot Misses the Net.
5:27 of 3rd period - Backhand shot by Jake Muzzin.
5:27 of 3rd period - Shot Blocked by Patrick Sieloff.
5:47 of 3rd period - Snap shot by Kerby Rychel.
5:47 of 3rd period - Shot Misses the Net.
6:04 of 3rd period - Dalton Prout is hit by Thomas Spelling.
7:52 of 3rd period - Wrist shot by Henrik Samuelsson.
7:52 of 3rd period - Stopped by Devan Dubnyk without a rebound.
7:53 of 3rd period - Ryan Nugent-Hopkins wins face-off versus Luke Witkowski in Thunder zone.
8:21 of 3rd period - Icing by Peter Andersson.
8:22 of 3rd period - Juraj Mikus wins face-off versus Joe Labate in Thunder zone.
8:25 of 3rd period - Slapshot by Rhett Rakhshani.
8:25 of 3rd period - Shot Misses the Net.
8:45 of 3rd period - Slapshot by Joe Labate.
8:45 of 3rd period - Stopped by Martin Jones with a rebound.
8:47 of 3rd period - Slapshot by Adam Clendening.
8:47 of 3rd period - Deflect By Kyle Brodziak.
8:47 of 3rd period - Stopped by Martin Jones without a rebound.
8:48 of 3rd period - Trevor Lewis wins face-off versus Carl Hagelin in Saguenéens zone.
8:51 of 3rd period - Snap shot by Trevor Lewis.
8:51 of 3rd period - Shot Misses the Net.
9:16 of 3rd period - Off-side.
9:17 of 3rd period - Ryan Nugent-Hopkins wins face-off versus Nathan MacKinnon in neutral zone.
9:20 of 3rd period - Wrist shot by Morgan Rielly.
9:20 of 3rd period - Stopped by Martin Jones with a rebound.
9:35 of 3rd period - Icing by Mike Sauer.
9:36 of 3rd period - Trevor Lewis wins face-off versus Nathan MacKinnon in Saguenéens zone.
9:37 of 3rd period - Wrist shot by Jared Staal.
9:37 of 3rd period - Shot Misses the Net.
10:41 of 3rd period - Slapshot by Henrik Samuelsson.
10:41 of 3rd period - Stopped by Devan Dubnyk without a rebound.
10:42 of 3rd period - Zach Stepan wins face-off versus Henrik Samuelsson in Thunder zone.
11:07 of 3rd period - Carl Hagelin is hit by Joe Labate and loses puck.
11:23 of 3rd period - Off-side.
11:24 of 3rd period - Nathan MacKinnon wins face-off versus Trevor Lewis in neutral zone.
11:29 of 3rd period - Backhand shot by Nathan MacKinnon.
11:29 of 3rd period - Stopped by Devan Dubnyk with a rebound.
11:31 of 3rd period - Slapshot by Craig Cunningham.
11:31 of 3rd period - Shot Misses the Net.
11:33 of 3rd period - Snap shot by Jake McCabe.
11:33 of 3rd period - Shot Misses the Net.
11:47 of 3rd period - Jake Muzzin is hit by Nathan MacKinnon and loses puck.
11:54 of 3rd period - Snap shot by Nathan MacKinnon.
11:54 of 3rd period - Shot Blocked by Mikko Vainonen.
12:38 of 3rd period - Duncan Siemens is hit by Rhett Rakhshani and loses puck.
12:44 of 3rd period - Zach Stepan is hit by Rhett Rakhshani and loses puck.
12:45 of 3rd period - Zach Stepan from Thunder is injured at 12:45 of 3rd period (Broken Bone (Left Foot)).
12:46 of 3rd period - Kyle Brodziak wins face-off versus Ryan Nugent-Hopkins in neutral zone.
12:59 of 3rd period - Snap shot by Kyle Brodziak.
12:59 of 3rd period - Stopped by Devan Dubnyk with a rebound.
13:01 of 3rd period - Slapshot by Luke Witkowski.
13:01 of 3rd period - Deflect By Carl Hagelin.
13:01 of 3rd period - Stopped by Devan Dubnyk with a rebound.
13:38 of 3rd period - Joe Labate is hit by Rhett Rakhshani and loses puck.
13:47 of 3rd period - Slapshot by Teemu Pulkkinen.
13:47 of 3rd period - Shot Blocked by Adam Clendening.
13:49 of 3rd period - Snap shot by Rhett Rakhshani.
13:49 of 3rd period - Shot Blocked by Ryan Nugent-Hopkins.
13:51 of 3rd period - Snap shot by Rhett Rakhshani.
13:51 of 3rd period - Stopped by Devan Dubnyk with a rebound.
14:04 of 3rd period - Off-side.
14:05 of 3rd period - Kerby Rychel wins face-off versus Trevor Lewis in neutral zone.
14:09 of 3rd period - Off-side.
14:10 of 3rd period - Nikolay Prokhorkin wins face-off versus Kyle Brodziak in neutral zone.
14:12 of 3rd period - Off-side.
14:13 of 3rd period - Kyle Brodziak wins face-off versus Trevor Lewis in neutral zone.
14:24 of 3rd period - Wrist shot by Trevor Lewis.
14:24 of 3rd period - Shot Misses the Net.
14:26 of 3rd period - Slapshot by Jared Staal.
14:26 of 3rd period - Shot Blocked by Dalton Prout.
14:28 of 3rd period - Wrist shot by Trevor Lewis.
14:28 of 3rd period - Stopped by Martin Jones without a rebound.
14:29 of 3rd period - Nathan MacKinnon wins face-off versus Ryan Nugent-Hopkins in Saguenéens zone.
14:38 of 3rd period - Bobby Sanguinetti is hit by Jake Muzzin and loses puck.
15:00 of 3rd period - Slapshot by Mike Sauer.
15:00 of 3rd period - Deflect By Kyle Brodziak.
15:00 of 3rd period - Shot Misses the Net.
15:00 of 3rd period - Puck is out of play.
15:01 of 3rd period - Trevor Lewis wins face-off versus Kyle Brodziak in Thunder zone.
15:01 of 3rd period - Trevor Lewis is hit by Mike Sauer.
15:30 of 3rd period - Minor Penalty to Seth Jones for Hooking.
15:31 of 3rd period - David Wolf wins face-off versus Kyle Brodziak in Saguenéens zone.
15:31 of 3rd period - Snap shot by Ryan Nugent-Hopkins.
15:31 of 3rd period - Shot Misses the Net.
15:33 of 3rd period - Wrist shot by Ryan Nugent-Hopkins.
15:33 of 3rd period - Shot Misses the Net.
15:35 of 3rd period - Slapshot by Morgan Rielly.
15:35 of 3rd period - Deflect By Ryan Nugent-Hopkins.
15:35 of 3rd period - Stopped by Martin Jones without a rebound.
15:36 of 3rd period - David Wolf wins face-off versus Luke Witkowski in Saguenéens zone.
15:41 of 3rd period - Snap shot by Thomas Spelling.
15:41 of 3rd period - Shot Blocked by Dalton Prout.
15:43 of 3rd period - Wrist shot by David Wolf.
15:43 of 3rd period - Stopped by Martin Jones with a rebound.
15:45 of 3rd period - Slapshot by Morgan Rielly.
15:45 of 3rd period - Shot Blocked by Bobby Sanguinetti.
15:47 of 3rd period - Wrist shot by Ryan Nugent-Hopkins.
15:47 of 3rd period - Deflect By Thomas Spelling.
15:47 of 3rd period - Shot Misses the Net.
15:47 of 3rd period - Puck is out of play.
15:48 of 3rd period - Kyle Brodziak wins face-off versus Ryan Nugent-Hopkins in Saguenéens zone.
15:59 of 3rd period - Snap shot by Thomas Spelling.
15:59 of 3rd period - Stopped by Martin Jones without a rebound.
16:00 of 3rd period - Ryan Nugent-Hopkins wins face-off versus Kyle Brodziak in Saguenéens zone.
16:16 of 3rd period - Icing by Thomas Spelling.
16:17 of 3rd period - Kyle Brodziak wins face-off versus Ryan Nugent-Hopkins in Thunder zone.
16:50 of 3rd period - Wrist shot by Thomas Spelling.
16:50 of 3rd period - Shot Misses the Net.
17:00 of 3rd period - Slapshot by Ryan Nugent-Hopkins.
17:00 of 3rd period - Shot Blocked by Tobias Rieder.
17:02 of 3rd period - Slapshot by Jake Muzzin.
17:02 of 3rd period - Deflect By Ryan Nugent-Hopkins.
17:02 of 3rd period - Stopped by Martin Jones with a rebound.
17:04 of 3rd period - Snap shot by Morgan Rielly.
17:04 of 3rd period - Deflect By Ryan Nugent-Hopkins.
17:04 of 3rd period - Goal by Ryan Nugent-Hopkins - Saguenéens : 3 - Thunder : 3.
17:05 of 3rd period - Trevor Lewis wins face-off versus Juraj Mikus in neutral zone.
17:26 of 3rd period - Minor Penalty to Nikolay Prokhorkin for Roughing.
17:27 of 3rd period - Kyle Brodziak wins face-off versus Ryan Nugent-Hopkins in Thunder zone.
17:28 of 3rd period - Wrist shot by Luke Witkowski.
17:28 of 3rd period - Stopped by Devan Dubnyk with a rebound.
17:42 of 3rd period - Wrist shot by Kyle Brodziak.
17:42 of 3rd period - Stopped by Devan Dubnyk without a rebound.
17:43 of 3rd period - Kyle Brodziak wins face-off versus Ryan Nugent-Hopkins in Thunder zone.
19:10 of 3rd period - Nathan MacKinnon is hit by David Wolf and loses puck.
19:26 of 3rd period - Penalty to Nikolay Prokhorkin is over, Nikolay Prokhorkin is back on ice.
Goals for this period are 0 for Saguenéens vs 1 for Thunder.
Shots for this period are 9 for Saguenéens vs 10 for Thunder.

Overtime #1


0:01 of 1st overtime period - Kyle Brodziak wins face-off versus Ryan Nugent-Hopkins in neutral zone.
0:14 of 1st overtime period - Wrist shot by Ryan Nugent-Hopkins.
0:14 of 1st overtime period - Stopped by Martin Jones with a rebound.
0:16 of 1st overtime period - Wrist shot by Ryan Nugent-Hopkins.
0:16 of 1st overtime period - Stopped by Martin Jones with a rebound.
0:32 of 1st overtime period - Morgan Rielly is hit by Dalton Prout and loses puck.
0:49 of 1st overtime period - Snap shot by Ryan Nugent-Hopkins.
0:49 of 1st overtime period - Shot Misses the Net.
0:51 of 1st overtime period - Wrist shot by Austin Wuthrich.
0:51 of 1st overtime period - Shot Blocked by Bobby Sanguinetti.
1:09 of 1st overtime period - Snap shot by Henrik Samuelsson.
1:09 of 1st overtime period - Shot Blocked by Trevor Lewis.
1:13 of 1st overtime period - Slapshot by Jerry D'Amigo.
1:13 of 1st overtime period - Stopped by Devan Dubnyk without a rebound.
1:14 of 1st overtime period - Joe Labate wins face-off versus Kyle Brodziak in Thunder zone.
1:21 of 1st overtime period - Slapshot by Kyle Brodziak.
1:21 of 1st overtime period - Stopped by Devan Dubnyk with a rebound.
2:00 of 1st overtime period - Thomas Spelling is hit by Kerby Rychel and loses puck.
2:29 of 1st overtime period - Slapshot by Luke Witkowski.
2:29 of 1st overtime period - Stopped by Devan Dubnyk without a rebound.
2:30 of 1st overtime period - Kyle Brodziak wins face-off versus Jared Staal in Thunder zone.
2:52 of 1st overtime period - David Wolf is hit by Tobias Rieder and loses puck.
2:57 of 1st overtime period - Snap shot by Nathan MacKinnon.
2:57 of 1st overtime period - Stopped by Devan Dubnyk with a rebound.
3:15 of 1st overtime period - Snap shot by Rhett Rakhshani.
3:15 of 1st overtime period - Shot Blocked by Morgan Rielly.
3:17 of 1st overtime period - Wrist shot by Rhett Rakhshani.
3:17 of 1st overtime period - Shot Misses the Net.
4:44 of 1st overtime period - Adam Clendening is hit by Henrik Samuelsson and loses puck.
4:50 of 1st overtime period - Icing by Peter Andersson.
4:51 of 1st overtime period - Kyle Brodziak wins face-off versus Trevor Lewis in Thunder zone.
4:58 of 1st overtime period - Slapshot by Carl Hagelin.
4:58 of 1st overtime period - Goal by Carl Hagelin - Saguenéens : 4 - Thunder : 3.
Goals for this period are 1 for Saguenéens vs 0 for Thunder.
Shots for this period are 5 for Saguenéens vs 2 for Thunder.